AoeStats
← Leiner97

Runestones

507595399Analyzed
1v1 RM · 14d ago on Sep 18, 2026· 22m 23s· 2 players
Game mode
Random Map
Map size
Tiny (2 player)
Population
200
Speed
Normal
Resources
Standard
Victory
Conquest
Starting age
Dark Age
Ending age
Imperial Age
RankedLock teamsTeams togetherTeam positionsShared explorationLock speedFull tech treeHidden civsTurbo modeCheats
Victory
Defeat
🇦🇷 Cumans · Argentina
819
+17
🇺🇸 Poles · United States
837
-17
Leiner97
7:49 Loom
10:51 Feudal Age
11:15 Horse Collar
11:36 Double-Bit Axe
17:13 Wheelbarrow
18:35 Man-at-Arms
19:49 Forging
20:02 Man-at-Arms
20:45 Scale Mail Armor
安野希世乃だけ
4:13 Loom
11:46 Feudal Age
13:02 Horse Collar
13:08 Double-Bit Axe
15:28 Wheelbarrow
19:28 Castle Age
17:46 Gold Mining
20:08 Forging
21:38 Iron Casting
20:26 Light Cavalry
22:02 Husbandry
Connection lost

Rejoining the realm…

Still unreachable

The connection could not be restored.

Session expired

The server has moved on; the page needs a fresh start.